Cogmind - Beta 13 @@@ ROGUE MODE // 2024.04.04 @ 21:24:30 Player: Vox Result: Destroyed by H-61 Shepherd with Heavy Assault Cannon Performance ------------- Evolutions (2) 1000 Regions Visited (3) 600 Robots Destroyed (67) 335 Value Destroyed (1847) 1847 Prototype IDs (0) 0 Alien Tech Used (0) 0 Bonus (161) 161 TOTAL SCORE: 3943 Bonus ------- High Alert Combat Kills 161 Cogmind --------- Core Integrity 0/550 Matter 150/300 Energy 98/100 System Corruption 0% Temperature Cool (0) Movement Core (50) Location -8/Materials Parts ------- > --- POWER (1) -------- (None) > --- PROPULSION (2) --- (None) > --- UTILITY (5) ------ (None) > --- WEAPON (3) ------- (None) > --- INVENTORY (5) ---- Light Treads Large Battery (200) Advanced Visual Processing Unit Advanced Visual Processing Unit Improved Sensor Array Peak State ------------ > --- POWER ------------ Ion Engine > --- PROPULSION ------- Improved Treads Armored Treads > --- UTILITY ---------- Disposable Heat Sink Small Storage Unit Improved Sensor Array Light Armor Plating Hardened Light Armor Plating > --- WEAPON ----------- EM Pulse Cannon Autogun Rocket Launcher > --- INVENTORY -------- Light Treads Light Treads Improved Aluminum Leg Heat Sink Large Battery Improved Sensor Array Missile Launcher [Rating: 23] Favorites ----------- Power Ion Engine Engine Ion Engine Propulsion Improved Treads Treads Improved Treads Utility Disposable Heat Sink Device Disposable Heat Sink Storage Small Storage Unit Protection Hardened Light Armor Plating Weapon Heavy EM Pulse Gun Energy Gun Heavy EM Pulse Gun Energy Cannon EM Pulse Cannon Ballistic Gun Autogun Launcher EMP Blaster Build | -11 -10 -9 -8 ------- Run | Yrd Mat Mat Mat Slots Evolved 4 | . . 2 2 Power . | . . . . Propulsion . | . . . . Utility 3 | . . 2 1 Weapon 1 | . . . 1 Parts Attached 46 | 6 14 21 5 Power 6 | 1 1 4 . Engine 6 | 1 1 4 . Core . | . . . . Reactor . | . . . . Propulsion 12 | 2 6 3 1 Treads 12 | 2 6 3 1 Leg . | . . . . Wheel . | . . . . Hover . | . . . . Flight . | . . . . Utility 10 | 1 2 6 1 Device 5 | . 2 3 . Storage 3 | 1 . 2 . Processor . | . . . . Hackware . | . . . . Protection 2 | . . 1 1 Artifact . | . . . . Weapon 18 | 2 5 8 3 Energy Gun 7 | . 5 2 . Energy Cannon 2 | . . 1 1 Ballistic Gun 5 | 2 . 2 1 Ballistic Cannon . | . . . . Launcher 4 | . . 3 1 Special Weapon . | . . . . Impact Weapon . | . . . . Slashing Weapon . | . . . . Piercing Weapon . | . . . . Special Melee Weapon . | . . . . Unidentified Prototypes . | . . . . Corrupted Parts 1 | . . 1 . System Corruption 1 | . . 1 . Parts Lost 13 | . . 8 5 Power 1 | . . 1 . Propulsion 3 | . . 3 . Utility 2 | . . . 2 Weapon 7 | . . 4 3 Highest Loss Streak 5 | . . 5 5 To Critical Strikes . | . . . . Average Slot Usage (%) 92 | . 91 97 80 Engine 9 | . 8 10 7 Treads 21 | . 27 20 14 Device 19 | . 13 24 14 Storage 12 | . 14 13 7 Protection 5 | . . 5 14 Energy Gun 13 | . 26 11 . Energy Cannon 1 | . . 1 6 Ballistic Gun 2 | . . 1 7 Launcher 5 | . . 7 7 Naked Turns 51 | . . . 51 Heaviest Build 33 | 14 17 25 33 Greatest Support 46 | 40 46 46 43 Greatest Overweight (x) 7 | 2 3 7 . Average Overweight (x) . | . . . . Largest Inventory Capacity 8 | 8 8 8 8 Average Capacity 7 | 6 8 8 7 Most Carried 8 | 5 8 8 8 Average Carried 7 | 3 7 7 6 Final Capacity 8 | 8 8 8 5 Final Carried 8 | 5 8 8 5 Class Distribution -------------------- 87% | Mutant 12% | Tank Dominant Class ---------------- Mutant | -10/Materials Mutant | -9/Materials Tank | -8/Materials Resources | -11 -10 -9 -8 ----------- Run | Yrd Mat Mat Mat Matter Collected 854 | 260 140 295 159 Remotely . | . . . . Salvage Created 2128 | . 474 1118 536 Parts 138 | . 27 70 41 Haulers Intercepted 3 | . . 1 2 Recyclers Shooed . | . . . . Parts Field Recycled . | . . . . Retrieved Matter . | . . . . Parts Self-Destructed . | . . . . Prevented . | . . . . Kills | -11 -10 -9 -8 ------- Run | Yrd Mat Mat Mat Combat Hostiles Destroyed 44 | . 10 25 9 Guns 26 | . 10 15 1 Cannons 4 | . . 2 2 AOE 13 | . . 7 6 Classes Destroyed 11 | . 2 5 4 Worker 2 | . . . 2 Builder 7 | . . 1 6 Hauler 3 | . . 1 2 Recycler 2 | . . . 2 Operator 2 | . . 1 1 Watcher 7 | . 1 4 2 Swarmer 7 | . . 7 . Grunt 30 | . 10 14 6 Brawler 1 | . . . 1 Sentry 5 | . . 4 1 Hunter 1 | . . . 1 Best Kill Streak 12 | . 3 10 12 Combat Bots Only 6 | . 3 6 4 Max Kills in Single Turn 4 | . 1 3 4 Gunslinging 1 | . . 1 . Exploded 2 | . . 2 2 Melee . | . . . . Uniques/NPCs Destroyed . | . . . . Combat | -11 -10 -9 -8 -------- Run | Yrd Mat Mat Mat Hostile Shots Fired 255 | . 46 100 109 Missed 67 | . 14 24 29 Damage Taken 2857 | . 447 1003 1407 Core 840 | . 93 173 574 Absorbed by Shields . | . . . . Core Remaining (%) 72 | 100 62 56 . Volleys Fired 125 | . 21 73 31 Largest 2 | . 2 2 2 Hottest 101 | . 90 101 86 Shots Fired 191 | . 42 105 44 Gun 137 | . 42 80 15 Cannon 16 | . . 10 6 Launcher 38 | . . 15 23 Special . | . . . . Kinetic 22 | . . 7 15 Thermal . | . . . . Explosive 27 | . . 4 23 Electromagnetic 142 | . 42 94 6 Robot Hit Streak 12 | . 6 9 12 Robot Miss Streak 4 | . 3 4 3 Penetration Max . | . . . . Secondary Targets 2 | . 1 1 . Max Gunslinging Chain 1 | . 1 1 . Shots Hit Robots 104 | . 24 58 22 Core Hits 100 | . 14 37 49 Critical Kills . | . . . . Critical Parts Destroyed . | . . . . Critical Strikes 1 | . . 1 . Corrupt 1 | . . 1 . Melee Attacks . | . . . . Impact . | . . . . Slashing . | . . . . Piercing . | . . . . Sneak Attacks . | . . . . Combat Hostiles . | . . . . Follow-up Attacks . | . . . . Damage Inflicted 4502 | . 436 1657 2409 Guns 1166 | . 390 689 87 Cannons 287 | . . 191 96 Explosions 3014 | . 46 777 2191 Melee . | . . . . Ramming 35 | . . . 35 Kinetic 146 | . . 59 87 Thermal 257 | . 46 211 . Explosive 2258 | . . 67 2191 Electromagnetic 1806 | . 390 1320 96 Impact . | . . . . Slashing . | . . . . Piercing . | . . . . Highest Corruption 1 | . . 1 . Average Corruption 1 | . . 1 . Corruption Purged . | . . . . Corruption Blocked . | . . . . Effects 9 | . . 9 . Message Errors 3 | . . 3 . Heat Flow Errors 2 | . . 2 . Parts Fused 1 | . . 1 . Data Loss (major) 1 | . . 1 . Misfires 1 | . . 1 . Alerts 1 | . . 1 . Overload Shots . | . . . . Overflow Damage 110 | . . 12 98 Projectiles . | . . . . Explosions 110 | . . 12 98 Melee . | . . . . Knockbacks . | . . . . Impact . | . . . . Kinetic . | . . . . Secondary . | . . . . Self-Inflicted Damage 236 | . 40 91 105 Shots 7 | . 1 2 4 Rammed 9 | . . . 9 Targets Rammed 9 | . . . 9 Kicked . | . . . . Crushed . | . . . . Highest Temperature 198 | . 198 196 139 Average Temperature 59 | . 66 64 34 Received Heat Transfer 891 | . 228 357 306 Siege Activations . | . . . . Robots Corrupted 1 | . . 1 . Combat Hostiles 1 | . . 1 . Parts Fried 3 | . . 3 . Impact Corruptions . | . . . . Robots Melted . | . . . . Combat Hostiles . | . . . . Parts Melted . | . . . . Heat Transferred 300 | . 100 200 . Parts Sabotaged . | . . . . Parts Stolen . | . . . . Parts Stripped . | . . . . Power Chain Reactions 4 | . 1 3 . Alert | -11 -10 -9 -8 ------- Run | Yrd Mat Mat Mat Peak Influence 784 | . 231 771 784 Initial 325 | . . 40 325 Average 245 | . 100 258 509 Maximum Alert Level 3 | . 1 3 3 Low Security (%) 54 | 100 74 58 . Level 1 18 | . 25 10 36 Level 2 19 | . . 23 42 Level 3 7 | . . 6 21 Level 4 . | . . . . Level 5 . | . . . . High Security . | . . . . Max Security . | . . . . Squads Dispatched 15 | . 3 8 4 Investigation 6 | . 1 5 . Extermination . | . . . . Reinforcement 9 | . 2 3 4 Assault . | . . . . Garrison . | . . . . Intercept . | . . . . Searches Triggered . | . . . . Construction Impeded 2 | . . . 2 Haulers Reinforced . | . . . . Active Scanning Responses . | . . . . Cargo Convoy Interrupts . | . . . . Stealth | -11 -10 -9 -8 --------- Run | Yrd Mat Mat Mat Distress Signals 5 | . 1 2 2 Communications Jammed . | . . . . Distress Signals . | . . . . Times Spotted 79 | . 16 40 23 Peak Tracking Total 9 | . 3 5 9 Tactical Retreats 1 | . . 1 . Traps | -11 -10 -9 -8 ------- Run | Yrd Mat Mat Mat Traps Triggered 6 | . 4 2 . Indirectly 1 | . . 1 . Trap Hack Attempts . | . . . . Triggered . | . . . . Disarmed . | . . . . Reprogrammed . | . . . . Reused . | . . . . Traps Extracted . | . . . . Installed . | . . . . Triggered . | . . . . Machines | -11 -10 -9 -8 ---------- Run | Yrd Mat Mat Mat Machines Disabled 12 | . 1 6 5 Max in Single Turn 1 | . 1 1 1 Machines Repaired . | . . . . Machines Dismantled . | . . . . Machines Sabotaged . | . . . . Overloaded Fab Kills . | . . . . Hacking | -11 -10 -9 -8 --------- Run | Yrd Mat Mat Mat Machines Accessed 8 | . 2 5 1 Terminals 7 | . 2 4 1 Fabricators . | . . . . Repair Stations . | . . . . Recycling Units . | . . . . Scanalyzers 1 | . . 1 . Garrison Access . | . . . . Total Hacks 17 | . 5 10 2 Successful 6 | . 2 3 1 Failed 11 | . 3 7 1 Catastrophic 4 | . . 4 . Database Lockouts . | . . . . Manual 7 | . 3 4 . Terminals 14 | . 5 7 2 Fabricators . | . . . . Repair Stations . | . . . . Recycling Units . | . . . . Scanalyzers 3 | . . 3 . Garrison Access . | . . . . Terminal Hacks 4 | . 2 1 1 Terminal Index 1 | . 1 . . Unreport Threat 1 | . . 1 . Reinforcement Status 1 | . . . 1 Registered Components 1 | . 1 . . Fabricator Hacks . | . . . . Repair Station Hacks . | . . . . Recycling Unit Hacks . | . . . . Scanalyzer 2 | . . 2 . Insert Component 1 | . . 1 . Analyze 1 | . . 1 . Garrison Access Hacks . | . . . . Unauthorized Hacks . | . . . . Terminals . | . . . . Fabricators . | . . . . Repair Stations . | . . . . Recycling Units . | . . . . Scanalyzers . | . . . . Garrison Access . | . . . . Data Cores Recovered . | . . . . Used . | . . . . Hacking Detections 8 | . 2 5 1 Full Trace Events 4 | . 1 3 . Feedback Events . | . . . . Feedback Blocked . | . . . . Robot Schematics Acquired . | . . . . Robots Built . | . . . . Authchips . | . . . . Time . | . . . . Total Robot Build Rating . | . . . . Part Schematics Acquired 1 | . . 1 . Parts Built . | . . . . Authchips . | . . . . Time . | . . . . Total Part Build Rating . | . . . . Parts Repaired . | . . . . Time . | . . . . Parts Recycled . | . . . . Recycled Matter . | . . . . Retrieved Matter . | . . . . Retrieved Components . | . . . . Parts Scanalyzed 1 | . . 1 . Part Schematics Acquired 1 | . . 1 . Parts Damaged . | . . . . Bothacking | -11 -10 -9 -8 ------------ Run | Yrd Mat Mat Mat Used RIF Installer . | . . . . Robots Hacked . | . . . . Non-combat . | . . . . Combat . | . . . . Robot Hacks Applied . | . . . . Relay Couplers Released . | . . . . Fabnet Peak Effective % . | . . . . Robots Rewired . | . . . . Allies Hacked . | . . . . Hacks Repelled . | . . . . Allies | -11 -10 -9 -8 -------- Run | Yrd Mat Mat Mat Total Allies . | . . . . Largest Group . | . . . . Highest-Rated Group . | . . . . Highest-Rated Ally . | . . . . Total Orders . | . . . . Ally Attacks . | . . . . Total Damage . | . . . . Kills . | . . . . Allies Corrupted . | . . . . Allies Melted . | . . . . Intel | -11 -10 -9 -8 ------- Run | Yrd Mat Mat Mat Robot Analysis Total . | . . . . Derelict Logs Recovered . | . . . . Drone Launches . | . . . . Drone Recoveries . | . . . . Exploration | -11 -10 -9 -8 ------------- Run | Yrd Mat Mat Mat Turns Passed 2009 | 67 580 1029 333 Spaces Moved 943 | 41 289 405 208 Core 116 | 12 13 5 86 Treads 827 | 29 276 400 122 Legs . | . . . . Wheels . | . . . . Hover . | . . . . Flight . | . . . . Fastest Speed 50 | 50 100 160 50 Average Speed 150 | 132 160 162 116 Slowest Speed 400 | 160 200 400 165 Overloaded Moves . | . . . . Propulsion Burnouts . | . . . . Robots Hopped . | . . . . Cave-ins Triggered . | . . . . Exploration Rate (%) 29 | 5 44 44 24 Regions Visited 3 Branch Regions . Pre-discovered Areas . | . . . . Known Exits Taken . | . . . . Unknown Exits Taken 3 | 1 1 1 . Scrap Searched . | . . . . Spaces Dug . | . . . . Terrain Destroyed 133 | . 3 50 80 Melee . | . . . . Projectile . | . . . . AOE 133 | . 3 50 80 Terrain Rammed . | . . . . Walls Destroyed . | . . . . Machines Disabled . | . . . . Actions | -11 -10 -9 -8 --------- Run | Yrd Mat Mat Mat Total 1342 | 51 363 671 257 Wait 174 | . 20 154 . Move 940 | 40 288 404 208 Hop . | . . . . Pick Up 25 | 5 8 10 2 Fast Attach 23 | 6 11 5 1 Attach 10 | . . 7 3 Detach 3 | . 2 1 . Swap 13 | . 3 9 1 Drop 20 | . 10 8 2 Fire 125 | . 21 73 31 Melee . | . . . . Ram 9 | . . . 9 Kick . | . . . . Crush . | . . . . Escape Stasis . | . . . . Rewire . | . . . . Trap . | . . . . Miscellaneous . | . . . . Route ------- -11/Scrapyard -10/Materials (discovered 2 exits: *Mat / [*Min]) -9/Materials -8/Materials History --------- Turn | Location | Event 2 | -11/Scrapyard | Met Revision 17 10 | -11/Scrapyard | Discovered new exit (range 16) 68 | -11/Scrapyard | Entered Materials 156 | -10/Materials | Discovered new exit (range 11) 307 | -10/Materials | Build established: Mutant 607 | -10/Materials | Discovered new exit (range 16) 648 | -10/Materials | Entered another Materials area 648 | -9/Materials | Evolved 2 slots: Utility x2 813 | -9/Materials | Lost 5 parts (1p2n2w) 1659 | -9/Materials | Discovered new exit (range 11) 1677 | -9/Materials | Entered another Materials area 1677 | -8/Materials | Evolved 2 slots: Utility x1, Weapon x1 1959 | -8/Materials | Released all parts (7) 1960 | -8/Materials | Core integrity fell below 50% 1987 | -8/Materials | Lost 5 parts (2u3w) 1993 | -8/Materials | Core integrity fell below 20% 2010 | -8/Materials | Destroyed by H-61 Shepherd with Heavy Assault Cannon Last Messages --------------- Penetrated by Slug. Critical hit (Burn: +37). Released Disposable Heat Sink. Released Sml. Storage Unit. Released Ion Engine. Released Imp. Treads. Released Imp. Sensor Array. Released Autogun. Released Arm. Treads. K-01 Serf collects debris. The unstable cave ceiling collapses. Slammed into G-47 Trooper. Matter Filter disabled. Penetrated by Slug. U-05 Engineer lays Concrete. K-01 Serf collects debris. U-05 Engineer lays Concrete. Acquired 30 matter. O-16 Technician: "IFF HANDSHAKE FAILED. SECURING TERMINAL." Map ----- +----------------------------------------------------+ | ?????????????????????????????????????????????????? | | ?????????????????????????????????????????????????? | | ?????????????????????????????????????????????????? | | ?????????????????????????????????????????????????? | | ?????????????????????????????????????????????????? | | ?????????????????????????????????????????????????? | | ?????????????????????????????????????????????????? | | ?????????????????????????????????????????????????? | | ?????????????????????????????????????????????????? | | ?????????????????????????????????????????????????? | | ?????????????????????????????????????????????????? | | ?????????????????????????????????????????????????? | | ?????????????????## ????????????????????????????? | | ?????????????????? ????????????????????????????? | | ?????????????????? ????????????????????????????? | | ?????????????????? ????????????????????????????? | | ?????????????????? ????????????????????????????? | | ??????????????????# #???????????????????????????? | | ??????????????????# #???????????????????????????? | | ??????????????????# #???????????????????????????? | | ??????????????????# #???????????????????????????? | | ??????????????????# #???????????????????????????? | | ??????????????????# #???????????????????????????? | | ?????????????????## o#######+##########??????????? | | ?????????????????# ????????? | | ?????????????????# %@ H???????? | | ?????????????????# ????????? | | ?????????????????# ##############+##???????????? | | ?????????????????# #? # #???????????? | | ?????????????????# ## """ " # #???????????? | | ?????????????????# ## """ "" #???????????? | | ?????????????????# ## """ " #???????????? | | ????????????????## ## #???????????? | | ########????????## ## | = #???????????? | | #???????## ## #???????????? | | """ #???????## #########+###############???? | | """ #???????## ??? | | """ #??????### ??? | | #??????# # ! [ ??? | | """ #??????# # !!! ??? | | """ #??????# # ##+#########???? | | """ #??????# # #? ?????????????? | | #????### # #! ?????????????? | | ###+############## """ ??????????????? | | """ #???????????????? | | """ #########????????? | | + ! T ##???????? | | #####+################# ! ##= = #???????? | | # ## ## ### ]][ ##==% #???????? | | # ############# ][[ ##=*= # !!????? | +----------------------------------------------------+ Best States ------------- Heat Dissipation 31 Coolant Potential 100 Energy Generation 10 Energy Capacity 450 Matter Stores 300 Matter Capacity 300 Sight Range 16 Robot Scan Range 15 Terrain Scan Density 10 Armor Coverage 300 Evasion (%) 50 Recoil Reduction 2 Item Schematics ----------------- Hvy. EM Pulse Gun | -9/Materials | Scanalyzed Robot Schematics ------------------ None Fabricated ------------ Nothing Alien Tech Used ----------------- None Achievements -------------- None Challenges ------------ None Game ------ Seed SpectralGaussDetector Manual? 0 Play Time 00:32:11 Cumulative 11.9 hours Start 2024.04.04 @ 20:53:36 End 2024.04.04 @ 21:24:30 Sessions 1 Manual Loads 0 Difficulty Rogue Special Mode None Game No. 14 Rogue 10 Adventurer 0 Explorer 4 Win Type - Total 0 Types 0/0/0/0/0/0/0/0/0 Lore% 17 Gallery% 18 Achievement% 20 Wizard Run 0 Options --------- Layout 1 ASCII 0 Keyboard 0 Movement Mouse Keybinds 0 Fullscreen 2 Font 32/SmallcapsGlow Map View 50x35 Zoom Use 0% Tactical HUD 0 Map Filters NONE Filters NONE Steam 1 RUN: 772a824a-d6d2-4599-994c-2763c9d6f746